 Dungeon Crawl Stone Soup version 0.32-a0-42-ga30500b4d3 (webtiles) character file.

Game seed: 6954790604659933620

2717 cforsyth the Fighter (level 9, -29/73 HPs)
             Began as a Djinni Reaver on Jan 29, 2024.
             Annihilated by an orc warrior
             ... wielding a +0 glaive
              (35 damage)
             ... in a bailey.
             The game lasted 00:09:53 (5261 turns).

cforsyth the Fighter (Djinni Reaver)                Turns: 5261, Time: 00:09:54

Health: -29/73     AC:  3    Str: 11    XL:     9   Next: 98%
Gold:   503        EV: 11    Int: 19    God:
                   SH:  0    Dex: 12

rFire   + + .        a - +0 short sword
rCold   x . .        (no shield)
rNeg    . . .        b - +0 leather armour
rPois   ∞            (no helmet)
rElec   .            (no cloak)
rCorr   .            (no gloves)
SInv    .            (boots unavailable)
Will    .....        c - amulet of regeneration
Stlth   +            (no ring)
HPRegen 1.12/turn    (no ring)
MPRegen 0.00/turn

%: infuse magic (-30 HP)
@: flying
A: sickness immunity, fire resistance 2, cold vulnerability 1, float, innate
caster, HP casting, extra vitality 1
a: no special abilities


You were in a bailey.
You visited 1 branch of the dungeon, and saw 8 of its levels.
You also visited: Bailey.

You collected 503 gold pieces.

Inventory:

Hand Weapons
 a - a +0 short sword (weapon)
 t - a +4 vampiric short sword
Armour
 b - a +0 leather armour (worn)
 y - the orb of Pride {guile, Rampage Int+4 Summ}
   (You took it off an orc warrior on level 7 of the Dungeon)

   Int+4:     It affects your intelligence (+4).
   Rampage:   It bestows one free step when moving towards enemies.
   Summ:      It increases the power of your Summonings spells.
Jewellery
 c - an amulet of regeneration (around neck)
 r - a ring of positive energy
Scrolls
 d - a scroll of summoning
 f - a scroll of noise {unknown}
 h - a scroll of acquirement
 i - a scroll of revelation
 o - 3 scrolls of enchant weapon
 q - a scroll of brand weapon {unknown}
 u - a scroll of fog {unknown}
 v - a scroll of vulnerability {unknown}
 x - 2 scrolls of teleportation {unknown}
Potions
 e - a potion of berserk rage {unknown}
 g - a potion of cancellation {unknown}
 j - 2 potions of lignification
 k - 4 potions of invisibility {unknown}
 l - 3 potions of attraction
 m - 3 potions of haste {unknown}
 n - a potion of heal wounds {unknown}
 p - 3 potions of curing
 s - 2 potions of mutation
 w - a potion of might {unknown}
 z - a potion of magic {unknown}


   Skills:
 + Level 9.6 Fighting
 - Level 2.6 Short Blades
 - Level 2.1 Dodging
 + Level 7.6 Spellcasting
 + Level 7.6 Conjurations
 + Level 7.6 Hexes
 + Level 7.6 Summonings
 + Level 7.6 Necromancy
 + Level 7.6 Translocations
 + Level 7.6 Fire Magic
 + Level 7.6 Ice Magic
 + Level 7.6 Air Magic
 + Level 7.6 Earth Magic
 + Level 7.6 Alchemy


You knew the following spells:

 Your Spells              Type           Power      Damage    Failure   Level
a - Kiss of Death         Conj/Necr      100%       2d13      1%          1
b - Momentum Strike       Conj/Tloc      72%        3d10      1%          2
c - Hailstorm             Conj/Ice       36%        3d9       1%          3
d - Magic Dart            Conj           100%       1d8       1%          1
e - Call Imp              Summ           72%        N/A       1%          2
f - Mercury Vapours       Alch/Air       72%        N/A       1%          2
g - Summon Ice Beast      Ice/Summ       36%        N/A       1%          3
Your spell library was empty.

Dungeon Overview and Level Annotations

Branches:
Dungeon (8/15)             Temple (0/1) D:7          Bailey (1/1)
   Lair: D:8-11

Altars:
Cheibriados
Okawaru
Ru
Trog

Shops:
D:2 (


Innate Abilities, Weirdness & Mutations

You are immune to sickness and miasma.
You are immune to poison.
Your flesh is very heat resistant. (rF++)
You are vulnerable to cold. (rC-)
You float through the air rather than walking.
You learn spells naturally, not from books.
Your magical power is your life essence.
You have superior vitality. (+4 MHP)


Message History

a +0 trident; a +0 spear; an orc skeleton The orc knight hits your cerulean imp with a +0 glaive!!
Your cerulean imp dies!
Your cerulean imp disappears in a puff of smoke!
Your ice beast hits the orc knight but does no damage.
Things that are here:
a +0 glaive; a +0 chain mail; an orc skeleton
Casting: Call Imp (safe; 1% risk of failure)
Confirm with . or Enter, or press ? or * to list all spells.
Aiming: Mercury Vapours (safe; 1% risk of failure)
Press: ? - help, Dir - move target Fumes of mercury billow through the air!
The orc knight roars a battlecry!
Your ice beast closely misses the orc knight.
Casting: Mercury Vapours (safe; 1% risk of failure)
Confirm with . or Enter, or press ? or * to list all spells.
Aiming: Mercury Vapours (safe; 1% risk of failure)
Press: ? - help, Dir - move target Fumes of mercury billow through the air!
Your ice beast barely misses the orc warrior.
Casting: Mercury Vapours (safe; 1% risk of failure)
Confirm with . or Enter, or press ? or * to list all spells.
Aiming: Mercury Vapours (safe; 1% risk of failure)
Press: ? - help, Dir - move target Fumes of mercury billow through the air!
The orc knight looks weaker.
The orc knight hits you from afar with a +0 glaive!
The orc knight attacks as it pursues you!
The orc knight hits you from afar with a +0 glaive!
Casting: Mercury Vapours (safe; 1% risk of failure)
Confirm with . or Enter, or press ? or * to list all spells.
A tiny devil pulls itself out of the air.
The orc knight hits you from afar with a +0 glaive.
The orc warrior hits you from afar with a +0 glaive!!
* * * LOW HITPOINT WARNING * * *
Your ice beast hits the orc knight.
Your ice beast freezes the orc knight!
You swap places.
The orc warrior attacks as it pursues you!
The orc warrior hits you from afar with a +0 glaive!!
You die...

#...#
###'###
##.....##
#..))...#
#Y))..).#
#.......#
#o.#.#..#
#5##8##)#
#.@#.#.)#
#.......#
#.......#
#∩.....∩#
#.......#
##..∩..##
#######


You could see an orc warrior (strong), a friendly ice beast (summoned) and a
friendly cerulean imp (summoned).

Vanquished Creatures
  A steam dragon (D:7)
  Menkaure (D:6)
  Duvessa (D:5)
  5 orc warriors
  An ice beast (D:7)
  4 ogres
  A bullfrog (D:7)
  Dowan (D:5)
  5 howler monkeys
  2 bombardier beetles
  2 jellies
  2 orc priests (D:7)
  A sleepcap (D:6)
  5 iguanas
  2 orc wizards
  6 adders
  3 white imps
  A ribbon worm (D:6)
  2 dart slugs
  30 orcs
  8 ball pythons
  4 endoplasms
  6 giant cockroaches
  6 hobgoblins
  4 jackals
  3 quokkas
  4 bats
  2 frilled lizards
  10 goblins
  6 kobolds
  3 rats
132 creatures vanquished.

Vanquished Creatures (collateral kills)
  An orc knight (Bailey)
  An orc warrior (D:7)
  An orc priest (D:7)
  4 orcs (Bailey)
7 creatures vanquished.

Grand Total: 139 creatures vanquished

Notes
Turn   | Place    | Note
-------+----------+-------------------------------------------
     0 | D:1      | cforsyth the Djinni Reaver began the quest for the Orb.
     0 | D:1      | cforsyth set off with the following spells memorised: Kiss
                  | of Death, Momentum Strike, Hailstorm.
     0 | D:1      | Reached XP level 1. HP: 18/18 MP: 0/0
   313 | D:1      | Reached XP level 2. HP: 18/23 MP: 0/0
   850 | D:1      | Reached XP level 3. HP: 29/29 MP: 0/0
   850 | D:1      | Learned a level 1 spell: Magic Dart
   969 | D:2      | Reached skill level 3 in Fighting
  1120 | D:2      | Found Jyjaim's Antique Weapon Shoppe.
  1316 | D:3      | Found a sacrificial altar of Ru.
  1548 | D:3      | Reached XP level 4. HP: 35/35 MP: 0/0
  2012 | D:4      | Noticed an ogre
  2029 | D:4      | Killed an ogre
  2030 | D:4      | Reached skill level 4 in Fighting
  2030 | D:4      | Reached XP level 5. HP: 34/41 MP: 0/0
  2030 | D:4      | Learned a level 2 spell: Call Imp
  2179 | D:4      | Reached XP level 6. HP: 39/47 MP: 0/0
  2614 | D:5      | Entered Level 5 of the Dungeon
  2614 | D:5      | Noticed an ogre
  2617 | D:5      | Killed an ogre
  2618 | D:5      | Reached skill level 5 in Fighting
  2798 | D:5      | Reached XP level 7. HP: 50/51 MP: 0/0
  2798 | D:5      | Learned a level 2 spell: Mercury Vapours
  3110 | D:5      | Noticed Duvessa
  3110 | D:5      | Noticed Dowan
  3117 | D:5      | Killed Duvessa
  3118 | D:5      | Reached skill level 5 in Spellcasting
  3118 | D:5      | Reached skill level 5 in Conjurations
  3118 | D:5      | Reached skill level 5 in Hexes
  3118 | D:5      | Reached skill level 5 in Summonings
  3118 | D:5      | Reached skill level 5 in Necromancy
  3118 | D:5      | Reached skill level 5 in Translocations
  3118 | D:5      | Reached skill level 5 in Fire Magic
  3118 | D:5      | Reached skill level 5 in Ice Magic
  3118 | D:5      | Reached skill level 5 in Air Magic
  3118 | D:5      | Reached skill level 5 in Earth Magic
  3118 | D:5      | Reached skill level 5 in Alchemy
  3119 | D:5      | Killed Dowan
  3120 | D:5      | Reached skill level 6 in Fighting
  3338 | D:6      | Found a snail-covered altar of Cheibriados.
  3424 | D:6      | Reached XP level 8. HP: 57/61 MP: 0/0
  3484 | D:6      | Noticed Menkaure
  3512 | D:6      | Killed Menkaure
  3616 | D:6      | Found an iron altar of Okawaru.
  3905 | D:6      | Reached skill level 7 in Fighting
  4465 | D:7      | Reached XP level 9. HP: 66/70 MP: 0/0
  4465 | D:7      | Learned a level 3 spell: Summon Ice Beast
  4487 | D:7      | Reached skill level 8 in Fighting
  4523 | D:7      | Found a staircase to the Ecumenical Temple.
  4641 | D:7      | Identified the orb of Pride {guile, Rampage Int+4 Summ}
  4678 | D:7      | Found a bloodstained altar of Trog.
  4935 | D:8      | Found a flagged portal.
  4948 | Bailey   | Entered a bailey
  5079 | Bailey   | Noticed an orc knight
  5096 | Bailey   | Killed an orc knight
  5097 | Bailey   | Reached skill level 9 in Fighting
  5209 | Bailey   | Noticed an orc knight
  5261 | Bailey   | Annihilated by an orc warrior

Illustrated notes

Levels and vault maps discovered:
D:1:      psy_arrival_radial01, layout_basic
D:2:      minmay_door_path, layout_rooms, serial_shops,
          nicolae_shop_advertising_works [nicolae_subvault_shop_adworks],
          minmay_gold_behind_fungi
D:3:      layout_loops_cross, lemuel_tele_altar, grunt_ministairs_9,
          minmay_misc_feat_x, minmay_misc_feat_rows, kennysheep_generic_room_2
D:4:      layout_basic
D:5:      layout_loops_ring, uniq_duvessa
D:6:      layout_loops_ring, slow_altar_1,
          mainiacjoe_overflow_concentric_impassable, hex_tiny,
          chequers_serial_rivers_large_b, uniq_menkaure
D:7:      layout_loops_cross, lightli_temple_of_fire,
          minmay_temple_entry_slanted
D:8:      layout_gridville, grunt_temple_overflow_order_and_chaos_2,
          general_overflow_altar, evilmike_ruin_ashenzari, serial_demonic,
          serial_demonic_d, serial_demonic_d, serial_demonic_g,
          serial_demonic_e, enter_bailey_5, special_room [special_room_orc],
          biasface_ghost_orc_armoury
Bailey:   bailey_polearm_5, bailey

Skill      XL: |  1  2  3  4  5  6  7  8  9 |
---------------+----------------------------+-----
Spellcasting   | 3 4 5 6 7 |  7.6
Conjurations   | 3 4 5 6 7 |  7.6
Hexes          | 3 4 5 6 7 |  7.6
Summonings     | 3 4 5 6 7 |  7.6
Necromancy     | 3 4 5 6 7 |  7.6
Translocations | 3 4 5 6 7 |  7.6
Fire Magic     | 3 4 5 6 7 |  7.6
Ice Magic      | 3 4 5 6 7 |  7.6
Air Magic      | 3 4 5 6 7 |  7.6
Earth Magic    | 3 4 5 6 7 |  7.6
Alchemy        | 3 4 5 6 7 |  7.6
Fighting       | 3 4 5 6 7 9 |  9.6
Short Blades   | |  2.6
Dodging        | |  2.1

Action                     |  1- 3 |  4- 6 |  7- 9 || total
---------------------------+-------+-------+-------++-------
  Melee: Short sword       |    94 |     9 |    30 ||   133
   Cast: Momentum Strike   |     1 |     1 |    12 ||    14
         Magic Dart        |    33 |    89 |   126 ||   248
         Hailstorm         |       |    10 |    43 ||    53
         Call Imp          |       |     3 |     8 ||    11
         Kiss of Death     |       |     1 |       ||     1
         Summon Ice Beast  |       |       |     7 ||     7
         Mercury Vapours   |       |       |     7 ||     7
  Evoke: Wand              |       |       |     2 ||     2
    Use: Scroll            |       |       |     6 ||     6
 Armour: Leather armour    |    89 |    26 |    64 ||   179
  Dodge: Dodged            |    77 |    26 |    40 ||   143

Table legend: (Time is in decaauts)
 A = Elapsed time spent in this place.
 B = Non-inter-level travel time spent in this place.
 C = Inter-level travel time spent in this place.
 D = Time resting spent in this place.
 E = Time spent auto-exploring this place.
 F = Levels seen in this place.
 G = Mean time per level.
                   A        B        C        D        E       F      G
               +--------+--------+--------+--------+--------+-----+--------+
         Total |   5242 |   5084 |    158 |    199 |   4026 |   9 |  582.4 |
       Dungeon |   4930 |   4772 |    158 |    199 |   3865 |   8 |  616.2 |
        Bailey |    312 |    312 |      0 |      0 |    161 |   1 |  312.0 |
               +--------+--------+--------+--------+--------+-----+--------+

Top non-repeatable levels by time:
     D:1: 829 daAuts
     D:6: 818 daAuts
     D:7: 763 daAuts
     D:4: 734 daAuts
     D:5: 715 daAuts
     D:3: 591 daAuts
     D:2: 445 daAuts
  Bailey: 312 daAuts
     D:8: 31 daAuts
